 Dungeon Sprint DCSS version 0.31-a0-728-g01b46875f1 (webtiles) character file.

Game seed: 6286572006974159897

85 sircluck the Ruffian (level 4, -3/49 HPs)
             Began as a Troll Berserker on Sept 11, 2023.
             Was a Follower of Trog.
             Slain by a killer bee (7 damage)
             ... in the Dungeon (Sprint VII: "The Pits").
             The game lasted 00:00:17 (33 turns).

sircluck the Ruffian (Troll Berserker)                Turns: 33, Time: 00:00:18

Health: -3/49      AC:  4    Str: 27    XL:     4   Next: 25%
Magic:  3/3        EV: 10    Int:  3    God:    Trog [*.....]
Gold:   0          SH:  0    Dex:  9    Spells: 3/3 levels left

rFire   . .          .
                       - Unarmed
rCold   . . .        (no shield)
rNeg    . . .        a - +0 animal skin
rPois   .            (helmet restricted)
rElec   .            (no cloak)
rCorr   .            (gloves unavailable)
SInv    .            (boots unavailable)
Will    .....        (no amulet)
Stlth   +            (no ring)
HPRegen 1.08/turn    (no ring)
MPRegen 0.08/turn

%: no teleportation
@: lethally poisoned (-3 -> -3), on berserk cooldown, slowed, very slow
A: large, unfitting armour, claws 3, regeneration 1, shaggy fur 1, tough skin 1
a: Renounce Religion, Berserk


You were in the Dungeon.
You worshipped Trog.
Trog was aware of your devotion.
You visited 1 branch

Inventory:

Armour
 a - a +0 animal skin (worn)
Scrolls
 g - a scroll of blinking
Potions
 b - a potion of curing
 c - a potion of heal wounds
 d - a potion of haste
 e - 2 potions of magic
 f - a potion of berserk rage


   Skills:
 + Level 4.7 Fighting
 + Level 4.7 Dodging
 + Level 5.6 Unarmed Combat


You had 3 spell levels left.
You didn't know any spells.
Your spell library was empty.

Dungeon Overview and Level Annotations

Branches:
Dungeon (1/1)

Altars:


Innate Abilities, Weirdness & Mutations

You are too large for most types of armour.
You have claws for hands.
Your natural rate of healing is unusually fast.
You are covered in fur. (AC +1)
You have tough skin. (AC +1)


Message History

You feel sick.
You feel a strong urge to attack something.
You feel sick.
The killer bee buzzes angrily.
You are no longer berserk.
You are exhausted.
You feel yourself slow down.
You feel sick.
You feel sick.
You feel sick.
You are no longer poisoned.
The killer bee attacks as it pursues you!
The killer bee stings you but does no damage. x2
You miss the killer bee. The killer bee stings you. The killer bee misses you.
The killer bee stings you.
You are poisoned.
The killer bee poisons you!
The killer bee stings you but does no damage.
You feel very sick. The killer bee stings you.
The killer bee barely misses you. x2
The killer bee stings you but does no damage.
The killer bee closely misses you.
You feel sick. The killer bee stings you!
You are more poisoned.
The killer bee poisons you!
There is an open door to the Entrance Hall (Safe) here.
You feel very sick.
The killer bee attacks as it pursues you!
The killer bee barely misses you.
You closely miss the killer bee.
You feel sick. The killer bee stings you. x2
* * * LOW HITPOINT WARNING * * *
The killer bee closely misses you.
A killer bee comes into view.
You scratch the killer bee. Your claw misses the killer bee.
The killer bee is moderately wounded.
You feel sick. The killer bee closely misses you.
The killer bee stings you but does no damage. x2
The killer bee stings you!
* * * LOW HITPOINT WARNING * * *
The killer bee stings you!
You die...

##########++######
#................#
#......#..#......#
#................+
+................+
#......#..#......#
#...Yy.Y.........#
####y#####''######
#..y@y..##†'#
#.......##.y##
#.......##Y.y#
#...<...###...#
#.......# ##y....
#.......# ..###+#
#.......# .##
######### ym Y.


You could see a sky beast and 4 killer bees.

Vanquished Creatures
  2 killer bees (D)
2 creatures vanquished.

Notes
Turn   | Place    | Note
-------+----------+-------------------------------------------
     0 | D        | sircluck the Troll Berserker began the quest for the Orb.
     0 | D        | Reached XP level 1. HP: 22/22 MP: 0/0
    16 | D        | Noticed a sky beast
    16 | D        | Noticed a killer bee
    16 | D        | Noticed a killer bee
    16 | D        | Noticed a killer bee
    16 | D        | Noticed a killer bee
    17 | D        | Noticed a merfolk siren
    21 | D        | Killed a killer bee
    21 | D        | Noticed a killer bee
    22 | D        | Reached skill level 4 in Unarmed Combat
    22 | D        | Reached XP level 2. HP: 32/32 MP: 1/1
    22 | D        | Reached XP level 3. HP: 39/39 MP: 2/2
    22 | D        | Killed a killer bee
    23 | D        | Reached skill level 5 in Unarmed Combat
    23 | D        | Reached XP level 4. HP: 49/49 MP: 3/3
    33 | D        | Slain by a killer bee

Illustrated notes

Levels and vault maps discovered:
D:        pitsprint [storerooms_1, entrance_room_1, metal_vault_5, armoury_1,
          mini_pit_1, grid_room_1, main_hall_1, silver_pit, the_coven_3,
          the_vestibule_1, steel_vault_1, golden_pit, hallway_of_sentries,
          crystal_vault_1, iron_vault_2, final_vault]

Skill      XL: |  1  2  3 |
---------------+----------+-----
Fighting       | 4 |  4.7
Dodging        | 4 |  4.7
Unarmed Combat | 4 5 |  5.6

Action                     |  1- 3 |  4- 6 || total
---------------------------+-------+-------++-------
  Melee: Unarmed           |     2 |     3 ||     5
 Invoke: Berserk           |     1 |       ||     1
 Armour: Animal skin       |     2 |    14 ||    16
  Dodge: Dodged            |     2 |     7 ||     9

Table legend: (Time is in decaauts)
 A = Elapsed time spent in this place.
 B = Non-inter-level travel time spent in this place.
 C = Inter-level travel time spent in this place.
 D = Time resting spent in this place.
 E = Time spent auto-exploring this place.
 F = Levels seen in this place.
 G = Mean time per level.
                   A        B        C        D        E       F      G
               +--------+--------+--------+--------+--------+-----+--------+
         Total |     34 |     34 |      0 |      0 |     16 |   1 |   34.0 |
       Dungeon |     34 |     34 |      0 |      0 |     16 |   1 |   34.0 |
               +--------+--------+--------+--------+--------+-----+--------+

Top non-repeatable levels by time:
       D: 34 daAuts
